Map: Templo óseo EE

Players

Slayer

  • Race: Protoss Protoss
  • Spawn Location: 3:00

Dio

  • Race: Protoss Protoss
  • Spawn Location: 1:00

Blade

  • Race: Protoss Protoss
  • Spawn Location: 12:00

MrFercho - Winner!

  • Race: Zerg Zerg
  • League: Gold
  • Spawn Location: 6:00

TATORREA - Winner!

  • Race: Protoss Protoss
  • League: Gold
  • Spawn Location: 7:00

tigro - Winner!

  • Race: Terran Terran
  • League: Bronze
  • Spawn Location: 7:00

VOD

Have the link to the VOD?

Description

Time

  • Played on: Aug. 11, 2020, 10:42 p.m.
  • Length: 22:19
Show
View Real Time Build Order
Export as new Build Order

Slayer Protoss 

Build Orders: Carriers 

Get SALT Encoding   

  12  0:01  Probe (Chrono Boost)  
  13  0:11  Probe (Chrono Boost)  
  14  0:20  Pylon  
  14  0:31  Probe  
  15  0:43  Gateway  
  15  0:48  Gateway  
  15  0:52  Probe  
  16  1:04  Probe (Chrono Boost)  
  17  1:12  Pylon  
  17  1:16  Probe (Chrono Boost)  
  18  1:20  Pylon  
  18  1:27  Gateway  
  20  1:32  Zealot  
  20  1:38  Zealot  
  22  1:52  Pylon  
  22  2:00  Assimilator  
  22  2:05  Zealot (Chrono Boost)  
  26  2:09  Zealot (Chrono Boost)  
  26  2:22  Zealot (Chrono Boost)  
  28  2:24  Probe  
  29  2:33  Zealot  
  29  2:35  Zealot  
  29  2:36  Probe  
  34  2:42  Assimilator  
  34  2:48  Probe  
  35  2:54  Zealot  
  37  3:16  Zealot  
  37  3:17  Zealot  
  41  3:24  Pylon  
  41  3:54  Zealot  
  41  3:55  Zealot x2  
  47  3:58  Cybernetics Core  
  33  4:35  Zealot x3  
  33  5:03  Zealot  
  33  5:04  Zealot x2  
  39  5:09  Probe (Chrono Boost)  
  40  5:19  Probe (Chrono Boost)  
  41  5:23  Stargate  
  41  5:24  Probe (Chrono Boost)  
  42  5:31  Zealot x2  
  33  6:13  Probe (Chrono Boost)  
  33  6:17  Stalker x3  
  36  6:23  Probe (Chrono Boost)  
  37  6:47  Stalker x2  
  33  7:04  Pylon  
  31  7:09  Pylon  
  31  7:31  Forge  
  32  7:37  Probe (Chrono Boost)  
  32  7:45  Probe (Chrono Boost)  
  33  7:51  Probe  
  34  8:03  Probe  
  35  8:08  Photon Cannon  
  35  8:12  Photon Cannon  
  35  8:15  Probe  
  36  8:21  Photon Cannon  
  36  8:31  Photon Cannon  
  73  8:34  Stalker x2  
  36  8:35  Stalker  
  36  8:39  Photon Cannon  
  40  8:59  Photon Cannon  
  40  9:08  Nexus  
  40  9:11  Assimilator  
  40  9:16  Assimilator  
  40  9:24  Stalker x3  
  36  9:53  Stalker  
  38  10:05  Photon Cannon  
  38  10:17  Probe  
  39  10:30  Probe (Chrono Boost)  
  39  10:33  Probe (Chrono Boost)  
  41  10:42  Probe (Chrono Boost)  
  42  10:49  Probe (Chrono Boost)  
  44  10:50  Probe (Chrono Boost)  
  44  10:56  Probe x2  
  46  11:08  Probe  
  47  11:15  Pylon  
  47  11:20  Probe  
  47  11:23  Fleet Beacon  
  48  11:32  Probe  
  45  11:44  Probe  
  42  11:55  Pylon  
  35  12:03  Stalker x2  
  35  12:04  Stalker  
  40  12:22  Pylon  
  40  12:25  Photon Cannon  
  40  12:29  Photon Cannon  
  40  12:38  Photon Cannon  
  40  12:40  Probe  
  41  12:52  Probe, Stargate  
  42  13:04  Probe  
  43  13:35  Carrier  
  43  13:37  Carrier  
  54  13:42  Stargate  
  48  14:30  Carrier  
  53  14:34  Pylon  
  53  14:58  Carrier  
  53  14:59  Carrier  
  65  15:03  Pylon  
  65  15:22  Pylon  
  65  16:18  Carrier (Chrono Boost)  
  65  16:20  Carrier (Chrono Boost)  
  77  16:28  Carrier (Chrono Boost)  
  77  17:20  Carrier (Chrono Boost)  
  83  18:05  Carrier x2  
  95  19:40  Carrier (Chrono Boost)  
  95  19:41  Carrier (Chrono Boost)  
  70  20:24  Tempest (Chrono Boost)  
Show
View Real Time Build Order
Export as new Build Order

Dio Protoss 

Build Orders:  

Get SALT Encoding   

  12  0:03  Probe  
  13  0:40  Pylon  
  13  1:01  Gateway  
  13  1:04  Gateway  
  13  1:09  Forge  
  13  1:13  Assimilator, Probe  
  14  1:25  Probe  
  15  1:37  Probe  
  16  1:48  Zealot (Chrono Boost)  
  18  2:00  Zealot (Chrono Boost)  
  20  2:04  Probe  
  20  2:06  Zealot (Chrono Boost)  
  23  2:29  Pylon  
  23  2:41  Pylon  
  23  2:47  Probe, Zealot x2  
  28  2:54  Cybernetics Core  
  28  3:14  Zealot x2  
  32  3:41  Zealot  
  34  4:08  Zealot  
  30  4:35  Zealot  
  28  4:57  Sentry  
  30  5:03  Zealot  
  28  5:23  Stalker  
  30  5:30  Zealot  
  30  5:34  Pylon  
  29  5:53  Stalker  
  30  5:57  Zealot  
  28  6:13  Photon Cannon  
  28  6:22  Stalker  
  28  6:24  Zealot  
  32  6:51  Stalker  
  32  6:53  Zealot  
  36  6:56  Nexus  
  36  7:20  Zealot  
  36  7:21  Assimilator  
  38  7:28  Assimilator, Probe  
  39  8:05  Stalker, Zealot  
  39  8:06  Probe  
  34  8:18  Probe  
  33  8:30  Probe  
  33  8:32  Zealot  
  34  8:35  Zealot  
  32  8:42  Probe  
  29  8:54  Probe  
  28  8:59  Probe  
  28  9:00  Zealot  
  31  9:02  Zealot  
  33  9:11  Probe  
  34  9:17  Pylon  
  34  9:22  Gateway  
  34  9:23  Probe, Protoss Ground Weapons Level 1  
  35  9:27  Zealot  
  35  9:30  Zealot  
  39  9:31  Gateway  
  39  9:35  Probe  
  39  9:37  Gateway  
  36  9:47  Probe  
  35  9:54  Stalker  
  35  9:57  Zealot  
  39  10:21  Probe  
  39  10:24  Stalker, Zealot  
  39  10:26  Probe  
  45  10:33  Assimilator  
  45  10:34  Probe  
  46  10:39  Probe  
  47  10:44  Sentry  
  47  10:46  Probe  
  50  10:51  Stalker x2, Probe  
  50  10:54  Stalker  
  57  10:58  Probe  
  57  11:03  Probe  
  59  11:10  Probe  
  60  11:15  Probe  
  61  11:22  Probe  
  62  11:31  Stalker  
  62  11:32  Protoss Ground Armor Level 1  
  62  11:34  Probe  
  62  11:39  Stargate  
  57  11:46  Probe  
  40  12:01  Stalker  
  40  12:04  Zealot  
  40  12:06  Zealot  
  46  12:11  Sentry  
  48  12:31  Zealot  
  52  12:46  Photon Cannon  
  52  12:57  Stalker  
  52  12:59  Stalker  
  52  13:04  Stalker  
  56  13:09  Stalker  
  56  13:11  Stalker  
  60  13:18  Probe  
  61  13:30  Probe  
  62  13:49  Fleet Beacon  
  62  14:23  Stalker  
  62  14:32  Stalker  
  62  14:34  Stalker  
  62  14:57  Stalker  
  58  15:02  Stalker  
  50  15:18  Mothership  
  58  15:27  Sentry  
  60  15:34  Zealot  
  62  15:36  Gateway  
  62  16:07  Photon Cannon  
  62  16:12  Pylon  
  62  16:30  Sentry x2, Zealot  
  68  16:57  Sentry  
  70  17:31  Zealot  
  70  17:35  Sentry  
  70  19:28  Zealot  
  70  19:29  Sentry  
  54  19:46  Pylon  
  54  19:54  Stalker  
  54  19:55  Sentry, Zealot  
  60  20:16  Probe  
  61  20:21  Zealot  
  61  20:24  Stalker  
  61  20:28  Probe  
  66  20:40  Probe  
  55  20:48  Zealot  
Show
View Real Time Build Order
Export as new Build Order

Blade Protoss 

Build Orders:  

Get SALT Encoding   

  12  0:00  Probe  
  13  0:12  Probe  
  14  0:20  Pylon  
  14  0:25  Probe  
  15  0:43  Gateway  
  15  0:44  Probe  
  16  0:54  Gateway  
  16  0:57  Probe  
  17  1:04  Pylon  
  17  1:09  Probe  
  18  1:19  Gateway  
  18  1:22  Probe  
  19  1:28  Zealot (Chrono Boost)  
  21  1:34  Probe  
  22  1:40  Pylon  
  22  1:45  Zealot (Chrono Boost)  
  26  1:54  Probe  
  26  1:55  Zealot (Chrono Boost)  
  27  2:06  Zealot (Chrono Boost)  
  31  2:09  Zealot (Chrono Boost)  
  31  2:15  Zealot (Chrono Boost)  
  31  2:17  Probe  
  31  2:21  Assimilator  
  34  2:24  Pylon  
  36  2:35  Zealot (Chrono Boost)  
  36  2:39  Zealot (Chrono Boost)  
  36  2:43  Probe  
  41  2:44  Zealot (Chrono Boost)  
  41  2:52  Assimilator  
  41  2:55  Probe  
  42  3:07  Probe  
  42  3:10  Cybernetics Core  
  43  3:13  Forge  
  43  3:19  Zealot  
  45  3:24  Pylon  
  43  3:38  Probe  
  42  3:50  Probe  
  43  3:56  Zealot  
  43  4:02  Probe  
  44  4:14  Probe  
  39  4:26  Probe  
  34  4:32  Stalker x3  
  40  5:02  Stalker x2  
  41  5:07  Probe  
  40  5:19  Probe  
  41  5:31  Probe  
  41  5:32  Stalker  
  44  5:43  Probe  
  44  5:47  Stalker  
  44  5:48  Stalker  
  47  6:02  Stalker  
  43  6:17  Stalker  
  43  6:18  Zealot  
  47  6:22  Stargate  
  43  6:26  Pylon  
  43  6:32  Zealot  
  43  6:45  Zealot  
  45  6:47  Zealot  
  47  6:59  Zealot  
  47  7:08  Probe  
  47  7:11  Void Ray  
  47  7:12  Zealot  
  47  7:15  Zealot  
  56  7:20  Probe  
  57  7:26  Zealot  
  59  7:32  Nexus  
  59  7:39  Pylon, Zealot  
  59  7:42  Zealot  
  63  7:54  Void Ray (Chrono Boost)  
  67  8:08  Stargate  
  49  8:36  Zealot x2  
  49  8:37  Zealot  
  47  8:56  Probe  
  48  9:03  Zealot  
  48  9:04  Assimilator  
  48  9:08  Assimilator, Probe  
  51  9:15  Void Ray (Chrono Boost)  
  55  9:20  Probe  
  56  9:43  Stalker x3  
  56  9:44  Void Ray (Chrono Boost)  
  64  9:53  Probe  
  59  10:11  Protoss Shields Level 1  
  59  10:13  Stalker x3  
  65  10:24  Probe  
  66  10:34  Void Ray  
  70  10:36  Probe  
  71  10:45  Void Ray  
  71  10:48  Probe  
  76  11:11  Nexus  
  76  11:13  Pylon  
  76  11:24  Stargate  
  76  11:26  Void Ray (Chrono Boost)  
  76  11:27  Probe  
  85  11:35  Void Ray (Chrono Boost)  
  81  11:57  Zealot  
  81  11:58  Zealot x2  
  81  12:22  Void Ray  
  81  12:23  Void Ray  
  81  12:25  Oracle, Zealot x3  
  98  12:39  Probe  
  98  12:43  Photon Cannon  
  99  12:49  Photon Cannon  
  99  12:51  Probe (Chrono Boost)  
  99  12:52  Zealot x2  
  99  12:54  Void Ray  
  104  13:01  Probe (Chrono Boost)  
  109  13:32  Pylon  
  109  13:35  Pylon  
  109  13:40  Pylon  
  109  13:43  Assimilator  
  109  13:50  Void Ray, Probe  
  115  14:02  Probe  
  115  14:15  Probe  
  112  14:27  Probe  
  103  14:39  Probe  
  103  14:45  Photon Cannon  
  101  14:48  Photon Cannon  
  101  14:51  Probe  
  93  14:54  Void Ray x2 (Chrono Boost)  
  105  15:01  Zealot  
  105  15:04  Void Ray (Chrono Boost)  
  99  15:36  Pylon  
  99  15:38  Pylon  
  99  15:40  Pylon  
  99  15:42  Pylon  
  99  15:44  Pylon  
  99  15:46  Pylon  
  99  15:58  Void Ray x2  
  99  16:00  Void Ray  
  97  16:27  Stalker x2  
  97  16:28  Stalker  
  103  16:41  Void Ray x2  
  103  16:43  Void Ray  
  111  16:57  Stalker  
  105  17:24  Void Ray x2  
  101  17:46  Stalker x2  
  101  17:47  Stalker  
  105  18:14  Nexus  
  103  18:56  Nexus  
  83  19:44  Stalker x3  
  171  20:14  Stalker, Void Ray  
  57  20:41  Stalker x2  
  57  20:44  Stalker  
  55  20:55  Probe  
  55  20:56  Probe  
  48  21:07  Probe  
Show
View Real Time Build Order
Export as new Build Order

MrFercho Zerg - Winner!

Build Orders: 1 Base Baneling Bust, Pool First 

Get SALT Encoding   

  12  0:20  Spawning Pool  
  11  0:24  Drone  
  11  0:28  Drone  
  13  0:33  Drone  
  14  0:39  Extractor  
  13  0:44  Overlord  
  13  0:55  Drone  
  14  1:05  Drone  
  14  1:08  Queen  
  17  1:12  Drone  
  17  1:18  Drone  
  19  1:28  Drone  
  20  1:39  Overlord  
  20  1:51  Zergling x2  
  21  2:01  Zergling x2  
  21  2:02  Metabolic Boost  
  22  2:12  Zergling x2  
  23  2:19  Drone  
  23  2:21  Zergling x2  
  23  2:22  Zergling x2  
  26  2:47  Zergling x6  
  26  2:49  Zergling x2  
  26  2:50  Overlord  
  26  2:51  Overlord  
  29  3:30  Zergling x12  
  30  3:41  Queen  
  29  3:49  Zergling x2, Spine Crawler  
  29  4:08  Zergling x4  
  30  4:20  Lair  
  30  4:23  Baneling Nest  
  27  4:26  Zergling x6  
  29  4:34  Zergling x2  
  29  4:41  Zergling x6  
  31  4:55  Zergling x2  
  31  4:56  Zergling x2  
  29  5:10  Zergling x2  
  30  5:32  Zergling x4  
  31  5:40  Zergling x2  
  29  5:47  Zergling x6  
  27  5:57  Zergling x2  
  28  6:10  Drone  
  30  6:11  Drone x3  
  30  6:12  Hatchery  
  30  6:13  Hatchery  
  30  6:28  Baneling x6  
  30  6:30  Zergling x4  
  30  6:40  Zergling x2  
  30  6:41  Zergling x4  
  28  6:48  Zergling x2  
  29  7:03  Zergling x2  
  30  7:13  Zergling x8, Evolution Chamber  
  33  7:22  Zergling x2  
  34  7:25  Baneling x2  
  34  7:26  Baneling x10  
  34  7:31  Zergling x4  
  36  7:40  Zerg Ground Armor Level 1  
  36  7:42  Zergling x12  
  42  7:48  Zergling x4  
  44  7:54  Centrifical Hooks  
  38  8:17  Zergling x14  
  38  8:18  Zergling x2  
  40  8:26  Drone x2  
  38  8:29  Drone  
  35  8:39  Zergling x2  
  35  8:40  Zergling x4  
  36  8:57  Baneling x9  
  36  8:59  Baneling  
  36  9:00  Zergling x2  
  30  9:36  Zergling x8  
  30  9:37  Zergling x12  
  30  9:38  Zergling x2  
  38  9:49  Drone x4  
  40  10:01  Hydralisk Den, Drone x2  
  41  10:21  Drone x7  
  43  10:24  Extractor  
  43  10:26  Extractor  
  46  10:29  Zerg Missile Weapons Level 1  
  46  11:01  Drone x8  
  46  11:02  Drone x2  
  56  11:06  Baneling x7  
  56  11:09  Zergling x4  
  58  11:20  Overlord x2  
  51  11:37  Zergling x18  
  56  11:50  Hydralisk  
  56  11:51  Hydralisk x3  
  64  11:56  Muscular Augments  
  64  12:00  Extractor  
  54  12:28  Hydralisk x5  
  62  12:50  Zerg Missile Weapons Level 2  
  62  12:56  Hydralisk x2  
  66  12:59  Zergling x16  
  74  13:08  Hatchery, Grooved Spines  
  73  13:18  Overlord x2  
  73  13:19  Overlord  
  71  13:29  Extractor  
  70  13:46  Overlord  
  70  13:48  Pneumatized Carapace  
  70  13:53  Queen  
  72  13:59  Infestation Pit  
  71  14:03  Drone x15  
  86  14:21  Hydralisk  
  86  14:22  Hydralisk x3  
  68  14:41  Zergling x2  
  68  14:42  Zergling x18  
  76  14:52  Extractor, Drone  
  76  14:54  Hydralisk x3  
  82  15:08  Evolution Chamber, Hive  
  81  15:51  Zerg Ground Armor Level 2  
  81  15:53  Lurker Den  
  80  16:04  Hatchery  
  80  16:09  Extractor  
  78  16:12  Extractor  
  77  16:19  Hydralisk x9  
  77  16:22  Overlord x7  
  77  16:23  Overlord  
  95  16:32  Zerg Missile Weapons Level 3  
  71  16:54  Hydralisk x9  
  71  16:55  Hydralisk  
  91  17:02  Overlord x2  
  91  17:06  Hydralisk  
  91  17:07  Hydralisk  
  93  17:12  Hydralisk x2  
  87  17:18  Hydralisk x2  
  79  17:30  Spore Crawler  
  79  17:31  Spore Crawler  
  69  17:45  Seismic Spines  
  69  17:47  Hydralisk  
  69  17:48  Hydralisk x3  
  63  18:06  Hydralisk x4  
  65  18:24  Hydralisk x4  
  69  18:29  Zergling x4  
  52  18:43  Adaptive Talons  
  48  18:58  Hydralisk x5  
  58  19:13  Hydralisk  
  60  19:25  Hydralisk x2  
  59  19:48  Hydralisk x2  
  63  20:03  Hydralisk x2  
  58  20:36  Hydralisk x3  
  64  20:49  Hydralisk  
Show
View Real Time Build Order
Export as new Build Order

TATORREA Protoss - Winner!

Build Orders:  

Get SALT Encoding   

  12  0:05  Probe  
  13  0:17  Probe  
  14  0:30  Pylon, Probe  
  15  0:48  Probe  
  16  0:54  Gateway  
  16  0:57  Gateway  
  16  1:00  Probe  
  17  1:07  Pylon  
  17  1:12  Probe  
  18  1:24  Probe  
  19  1:29  Assimilator  
  19  1:31  Pylon  
  19  1:36  Probe  
  20  1:41  Assimilator  
  20  1:43  Pylon  
  20  1:48  Probe  
  21  2:00  Probe  
  22  2:13  Cybernetics Core  
  22  2:25  Gateway  
  22  2:27  Gateway  
  22  2:49  Adept (Chrono Boost)  
  22  2:50  Adept (Chrono Boost), Warp Gate  
  26  3:00  Probe  
  27  3:12  Adept x2  
  31  3:27  Nexus  
  31  3:30  Pylon  
  31  3:33  Pylon  
  31  3:41  Adept  
  31  3:42  Adept  
  35  3:54  Adept  
  35  3:55  Adept  
  33  4:39  Stalker  
  33  4:40  Stalker  
  33  4:44  Probe x2  
  35  4:47  Stalker x2  
  37  4:56  Probe x2  
  39  5:06  Stalker x2  
  41  5:08  Probe x2  
  43  5:20  Probe x2  
  45  5:32  Robotics Facility, Probe x2  
  45  5:35  Pylon  
  47  5:44  Probe  
  47  5:45  Probe  
  47  5:49  Stalker x2  
  53  5:50  Stalker  
  47  6:15  Stalker x4  
  47  6:17  Probe x2  
  51  6:22  Assimilator  
  51  6:25  Assimilator  
  51  6:29  Probe x2  
  47  7:07  Immortal (Chrono Boost)  
  43  7:09  Probe x2  
  45  7:17  Stalker x2  
  45  7:18  Stalker x2  
  45  7:21  Probe x2  
  55  7:33  Probe x2  
  57  7:43  Immortal (Chrono Boost)  
  57  7:46  Nexus  
  57  7:47  Stalker, Pylon  
  57  7:49  Stalker  
  57  7:51  Pylon  
  65  7:57  Stalker  
  65  7:58  Stalker  
  69  8:15  Immortal  
  73  8:20  Stalker x3  
  79  8:30  Probe  
  79  8:31  Probe  
  79  8:33  Stalker  
  81  8:43  Probe x2  
  81  8:47  Assimilator  
  77  8:49  Assimilator  
  77  8:54  Immortal  
  77  8:55  Probe x2  
  79  9:03  Stalker x4  
  79  9:08  Probe x2  
  79  9:09  Probe  
  90  9:20  Probe  
  90  9:21  Probe x2  
  93  9:33  Probe x2  
  89  10:00  Stalker x2  
  89  10:01  Stalker x2  
  89  10:04  Immortal  
  89  10:05  Probe  
  89  10:06  Probe x2  
  104  10:18  Gateway, Probe  
  104  10:20  Gateway  
  105  10:22  Gateway  
  105  10:24  Gateway  
  105  10:26  Gateway  
  105  10:28  Gateway  
  105  10:32  Probe x3  
  105  10:33  Nexus  
  105  10:35  Pylon  
  108  10:37  Pylon  
  108  10:38  Stalker x2  
  112  10:44  Probe x2  
  114  10:53  Immortal  
  118  11:07  Twilight Council  
  118  11:12  Stalker  
  118  11:13  Stalker x3  
  126  11:32  Immortal  
  116  11:51  Pylon  
  116  11:53  Pylon  
  104  12:02  Pylon  
  104  12:05  Pylon  
  92  12:13  Pylon, Blink  
  92  12:14  Stalker x3  
  92  12:15  Stalker x4  
  86  12:16  Stalker x3  
  86  12:17  Pylon  
  86  12:22  Immortal  
  100  12:32  Forge x2  
  100  12:34  Forge  
  100  12:37  Pylon  
  100  12:40  Assimilator  
  100  12:41  Pylon  
  100  12:44  Assimilator  
  100  12:47  Pylon  
  100  12:56  Pylon  
  100  13:02  Stalker x3, Pylon  
  100  13:03  Stalker x2  
  100  13:04  Stalker x3  
  100  13:05  Stalker x2, Robotics Bay  
  120  13:15  Templar Archives  
  120  13:42  Stalker  
  120  13:43  Stalker x4  
  120  13:44  Stalker x2  
  120  13:45  Stalker x3  
  120  13:46  Protoss Ground Armor Level 1 (Chrono Boost), Protoss Ground Weapons Level 1 (Chrono Boost), Protoss Shields Level 1 (Chrono Boost)  
  140  13:57  Probe x3  
  143  14:09  Probe x3  
  147  14:10  Probe  
  147  14:13  Stalker x3  
  147  14:14  Stalker x2, Charge  
  147  14:15  Stalker x3  
  147  14:16  Stalker x2  
  167  14:21  Probe x2  
  167  14:22  Extended Thermal Lance, Probe  
  170  14:24  Colossus  
  170  15:07  Stalker x3  
  170  15:08  Stalker x4  
  170  15:09  Stalker x3  
  170  15:10  Probe  
  170  15:11  Probe x3  
  194  15:19  Colossus  
  152  16:01  Nexus  
  152  16:02  Pylon  
  152  16:03  Pylon  
  120  16:12  High Templar x5  
  120  16:13  High Templar x5  
  108  16:40  Gateway  
  108  16:41  Gateway  
  108  16:42  Gateway x2  
  108  16:43  Gateway  
  108  16:45  Gateway  
  108  16:48  Gateway x2  
  108  16:50  Gateway x2  
  108  16:51  Gateway, High Templar  
  108  16:52  Gateway, High Templar x5  
  108  16:53  Gateway, High Templar x3  
  108  16:54  Gateway, High Templar  
  128  16:55  Assimilator  
  128  16:59  Gateway, Assimilator  
  128  17:01  Gateway  
  128  17:03  Gateway, Archon x2  
  128  17:04  Archon x5  
  128  17:05  Archon x2  
  128  17:07  Archon  
  128  17:08  Gateway, Protoss Ground Weapons Level 2 (Chrono Boost)  
  128  17:09  Protoss Shields Level 2 (Chrono Boost), Protoss Ground Armor Level 2 (Chrono Boost)  
  128  17:22  Psionic Storm  
  128  17:29  Zealot x4  
  136  17:30  Zealot x4  
  136  17:31  Zealot  
  146  17:41  Zealot x3  
  146  17:42  Zealot x3  
  158  17:49  Zealot x3  
  158  17:50  Zealot  
  166  18:13  High Templar x4  
  166  18:14  High Templar x3  
  166  18:17  Zealot x4  
  188  18:24  Archon x3  
  188  18:27  Nexus  
  188  18:29  Pylon  
  188  18:34  Pylon  
  188  18:41  Zealot x4  
  192  18:42  Zealot x2  
  116  19:21  Stalker x3  
  116  19:22  Stalker x4  
  116  19:23  Stalker x2  
  132  19:25  Stalker x3  
  132  19:26  Stalker x4  
  132  19:27  Stalker x4  
  132  19:28  Stalker x3  
  132  19:30  Stalker  
  138  20:16  Zealot x3  
  138  20:17  Zealot x4  
  138  20:18  Zealot x3  
  138  20:19  Zealot x4  
  138  20:20  Zealot x4  
  138  20:21  Zealot x2  
  176  20:22  Zealot  
  176  20:23  Zealot x3  
  176  20:24  Zealot x3  
  176  20:25  Zealot  
  186  21:03  Zealot  
  188  21:04  Zealot x2  
  188  21:05  Zealot x2  
  188  21:06  Zealot x2  
  200  21:19  Assimilator  
  200  21:21  Assimilator  
  198  21:27  Pylon  
  198  21:29  Pylon  
  196  21:35  Nexus  
Show
View Real Time Build Order
Export as new Build Order

tigro Terran - Winner!

Build Orders:  

Get SALT Encoding   

  12  0:17  SCV  
  13  0:25  Supply Depot  
  13  0:29  SCV  
  14  0:41  SCV  
  15  0:47  Supply Depot  
  15  0:54  Barracks, SCV  
  16  1:02  Refinery  
  16  1:06  SCV  
  17  1:26  SCV  
  18  1:38  SCV  
  18  1:39  Refinery  
  19  1:42  Marine  
  20  1:50  SCV  
  21  2:00  Marine  
  22  2:02  SCV  
  23  2:14  Factory, SCV  
  24  2:18  Marine  
  25  2:26  SCV  
  26  2:36  Marine  
  27  2:54  Marine  
  28  2:59  Factory Tech Lab  
  28  3:03  Engineering Bay, Orbital Command  
  28  3:17  Barracks Reactor  
  28  3:22  Barracks Tech Lab  
  31  3:40  Siege Tank  
  31  3:45  Combat Shield  
  31  3:49  Marine  
  32  4:03  Command Center  
  32  4:07  Marine  
  33  5:04  Stimpack  
  33  5:14  Supply Depot  
  33  5:15  Marine, Siege Tank  
  37  5:32  Marine  
  37  5:33  Terran Infantry Weapons Level 1  
  38  5:37  Supply Depot  
  38  5:47  Cyclone  
  41  5:50  Marine  
  41  5:53  Refinery  
  41  5:54  SCV  
  43  6:06  SCV  
  43  6:08  Marine  
  45  6:18  SCV  
  45  6:19  Cyclone  
  44  6:26  Marine  
  44  6:30  SCV  
  44  6:43  SCV  
  44  6:44  Marine, Starport  
  46  6:51  Cyclone  
  44  7:02  Marine  
  45  7:19  Marine  
  45  7:20  Refinery  
  45  7:22  Armory  
  46  7:23  Cyclone  
  46  7:27  Terran Infantry Armor Level 1  
  49  7:37  Marine  
  49  7:40  Medivac  
  52  7:50  Missile Turret  
  52  7:52  SCV  
  52  7:55  Cyclone  
  56  8:04  SCV  
  57  8:15  Missile Turret  
  57  8:17  SCV  
  49  8:24  Marine  
  45  8:28  Cyclone  
  45  8:29  SCV  
  45  8:33  Barracks  
  49  8:39  Medivac  
  49  8:41  SCV  
  52  8:42  Marine  
  52  8:43  Missile Turret  
  49  9:00  Marine  
  50  9:18  Marine  
  50  9:21  Neosteel Armor  
  51  9:36  Marine  
  51  9:37  Marine  
  49  9:47  Cyclone  
  52  9:53  Marine  
  52  9:55  Marine  
  54  10:11  Marine  
  54  10:12  Marine  
  56  10:15  Fusion Core  
  56  10:19  Cyclone  
  59  10:29  Marine  
  59  10:30  Marine  
  61  10:47  Marine  
  61  10:48  Marine  
  63  10:51  Cyclone  
  63  10:53  Command Center  
  66  11:01  Hi-Sec Auto Tracking  
  66  11:05  Marine  
  66  11:06  Marine  
  68  11:15  Terran Vehicle Weapons Level 1  
  68  11:18  Weapon Refit  
  68  11:22  Marine  
  68  11:24  Marine  
  68  11:25  Starport Tech Lab  
  70  11:28  Starport  
  70  11:33  Cyclone  
  73  11:40  Marine  
  73  11:41  Marine  
  54  11:58  Terran Infantry Weapons Level 2, Marine  
  54  11:59  Marine  
  52  12:05  Cyclone  
  52  12:06  Starport Tech Lab  
  52  12:09  Refinery  
  52  12:12  SCV  
  53  12:16  Marine  
  53  12:17  Marine  
  54  12:25  SCV  
  52  12:34  Marine  
  52  12:35  Marine  
  52  12:36  SCV  
  52  12:37  Cyclone, SCV  
  59  12:48  SCV  
  59  12:49  SCV  
  61  12:52  Marine  
  61  12:53  Marine  
  63  12:58  Rapid Reignition System  
  63  13:00  SCV  
  63  13:05  Supply Depot  
  64  13:07  Medivac  
  64  13:09  Medivac, Marine, Cyclone  
  64  13:10  Terran Vehicle And Ship Armor Level 1  
  64  13:11  Marine  
  73  13:12  SCV  
  74  13:25  SCV  
  75  13:27  Supply Depot, Marine  
  76  13:50  Marine  
  78  14:06  Barracks Reactor  
  78  14:08  Marine  
  78  14:13  Terran Infantry Armor Level 2  
  68  14:26  Marine  
  50  14:43  Marine x3  
  52  14:46  Battlecruiser x2  
  64  15:01  Marine x3  
  64  15:04  Terran Ship Weapons Level 1  
  67  15:11  SCV  
  68  15:19  Marine x3  
  71  15:23  SCV  
  72  15:29  Refinery  
  72  15:35  SCV  
  73  15:36  Marine  
  73  15:37  Marine x2  
  76  15:47  SCV  
  77  15:50  Battlecruiser  
  77  15:51  Battlecruiser  
  77  15:55  Marine  
  90  15:59  SCV  
  68  16:37  Marine x3  
  74  16:40  Cyclone  
  74  16:54  Medivac, Marine  
  74  16:55  Medivac, Marine x2  
  74  16:58  Terran Vehicle Weapons Level 2  
  76  17:12  Marine x3, Cyclone  
  82  17:17  Missile Turret  
  82  17:24  Battlecruiser  
  82  17:25  Battlecruiser  
  93  17:30  Marine x3  
  84  17:38  Missile Turret  
  84  17:44  Cyclone  
  84  17:48  Marine  
  71  18:02  Marine  
  71  18:03  Marine  
  67  18:06  Marine  
  67  18:16  Cyclone  
  70  18:20  Marine x2  
  70  18:24  Marine  
  73  18:29  Battlecruiser x2  
  85  18:38  Marine x2  
  85  18:40  Command Center  
  87  18:42  Marine  
  87  18:48  Cyclone  
  91  18:53  Missile Turret  
  91  18:56  Marine x2  
  91  18:59  Marine  
  94  19:13  Terran Vehicle And Ship Armor Level 2  
  94  19:14  Missile Turret  
  94  19:20  Marine  
  69  19:33  Battlecruiser  
  69  19:34  Missile Turret  
  69  19:38  Battlecruiser  
  81  19:43  Marine x3  
  75  19:58  Missile Turret  
  75  20:00  Marine  
  75  20:01  Marine x2  
  78  20:20  Missile Turret  
  78  20:25  Refinery  
  78  20:26  SCV  
  79  20:37  Battlecruiser  
  79  20:38  SCV  
  79  20:42  Battlecruiser  
  92  20:51  SCV  
  93  20:59  Cyclone  
  93  21:01  Marine x3  
  93  21:03  SCV  
  100  21:15  SCV  
  101  21:19  Marine  
  102  21:31  Cyclone  
Tags
 
Add a new tag
Caveats
  • Supply blocks, unpowered buildings, or Contaminate may cause inaccurate times.
  • Supply counts are checked every 10 seconds.